 Dungeon Crawl Stone Soup version 0.31.0-2-g5a2aebc5c2 (webtiles) character file.

Game seed: 11400055862912593737

79 dacreux the Trooper (level 4, -2/41 HPs)
             Began as a Minotaur Fighter on Jan 20, 2024.
             Slain by an orc wizard
             ... wielding a +0 dagger
              (3 damage)
             ... on level 3 of the Dungeon.
             The game lasted 00:02:06 (939 turns).

dacreux the Trooper (Minotaur Fighter)               Turns: 939, Time: 00:02:06

Health: -2/41      AC: 10    Str: 23    XL:     4   Next: 17%
Magic:  3/3        EV:  9    Int:  5    God:
Gold:   88         SH:  0    Dex:  9    Spells: 3/3 levels left

rFire   . . .        a - +0 war axe
rCold   . . .        c - +0 buckler
rNeg    . . .        b - +0 scale mail
rPois   .            (helmet restricted)
rElec   .            l - +2 cloak
rCorr   .            (no gloves)
SInv    .            (no boots)
Will    .....        (no amulet) Stlth
                     (no ring)
HPRegen 0.26/turn    (no ring)
MPRegen 0.08/turn

%: no passive effects
@: confused
A: horns 2, retaliatory headbutt
a: no special abilities


You were on level 3 of the Dungeon.
You visited 1 branch of the dungeon, and saw 3 of its levels.

You collected 88 gold pieces.

Inventory:

Hand Weapons
 a - a +0 war axe (weapon)
 p - the +5 rapier of Intuition {freeze, rF+}
   (You found it on level 3 of the Dungeon)

   rF+:       It protects you from fire.
Armour
 b - a +0 scale mail (worn)
 c - a +0 buckler (worn)
 l - a +2 cloak (worn)
Talismans
 n - a flux talisman
Scrolls
 e - 2 scrolls of identify {unknown}
 g - a scroll of blinking {unknown}
 j - a scroll of teleportation {unknown}
 k - a scroll of poison {unknown}
 m - 2 scrolls of fear {unknown}
Potions
 d - a potion of might
 f - a potion of haste {unknown}
 h - 2 potions of enlightenment {unknown}
 i - a potion of curing {unknown}
 o - a potion of lignification {unknown}


   Skills:
 + Level 4.6 Fighting
 * Level 4.6 Axes
 - Level 3.6 Armour
 - Level 3.6 Shields


You had 3 spell levels left.
You didn't know any spells.
Your spell library was empty.

Dungeon Overview and Level Annotations

Branches:
Dungeon (3/15)

Altars:


Innate Abilities, Weirdness & Mutations

You have a pair of horns on your head.
You reflexively headbutt those who attack you in melee.


Message History

Something tries to affect you, but you resist.
Something hits you.
* * * LOW HITPOINT WARNING * * *
The dart slug launches a dart at you.
The slug dart hits you but does no damage.
Something hits you.
* * * LOW HITPOINT WARNING * * *
Something hits you but does no damage.
The dart slug enters a dispersal trap!
You blink.
The dart slug blinks!
Something tries to affect you, but you resist.
You bump into the rock wall.
A magic dart appears from out of thin air!
The magic dart hits something.
A ribbon worm comes into view.
The dart slug launches a dart at you.
The slug dart hits something.
Reactivating autopickup.
You feel a bit more experienced.
There is a stone staircase leading up here.
The dart slug launches a dart at you.
The slug dart hits you but does no damage.
In your confused state, you trip and fall back down the stairs.
* * * LOW HITPOINT WARNING * * *
The ribbon worm expels a string of sticky webbing.
The stream of webbing misses you.
Unknown command.
Something hits you but does no damage.
Deactivating autopickup; reactivate with Ctrl-A.
In your confused state, you trip and fall back down the stairs.
* * * LOW HITPOINT WARNING * * *
Something hits you but does no damage. Something hits you but does no damage.
In your confused state, you trip and fall back down the stairs.
* * * LOW HITPOINT WARNING * * *
You hear some strange, mumbled words.
A magic dart appears from out of thin air!
The magic dart hits you.
* * * LOW HITPOINT WARNING * * *
Something hits you.
You die...

#..## ###..# .. ##.#
#..... ... #... #.#..#
..## #. #.#.## ...# ..
##†#.# #..# #.# #..#.#
#w. #.# ##.....#
#.##.#####....####
#.@.)w.......##
#.{....#...##
###......#.##
#........^.#
...#........########
...###..))......)....#
.# #..†.>.#####.>..#
#....$.# ... #......#
#


You could see a ribbon worm and a dart slug.

Vanquished Creatures
  Jessica (D:3)
  An adder (D:2)
  2 ribbon worms
  4 orcs (D:3)
  A ball python (D:3)
  2 bats
  An endoplasm (D:3)
  A giant cockroach (D:1)
  2 goblins
  2 hobgoblins (D:1)
  2 kobolds (D:2)
  2 quokkas
  2 frilled lizards
  2 rats
25 creatures vanquished.

Vanquished Creatures (others)
  An orc wizard (D:3)
1 creature vanquished.

Grand Total: 26 creatures vanquished

Notes
Turn   | Place    | Note
-------+----------+-------------------------------------------
     0 | D:1      | dacreux the Minotaur Fighter began the quest for the Orb.
     0 | D:1      | Reached XP level 1. HP: 19/19 MP: 0/0
   480 | D:1      | Reached XP level 2. HP: 26/27 MP: 1/1
   608 | D:1      | Found a faded altar of an unknown god.
   868 | D:3      | Noticed Jessica
   870 | D:3      | Killed Jessica
   871 | D:3      | Reached XP level 3. HP: 34/34 MP: 2/2
   882 | D:3      | Identified the +5 rapier of Intuition {freeze, rF+}
   912 | D:3      | Reached XP level 4. HP: 32/41 MP: 3/3
   928 | D:3      | HP: 2/41 [something (3)]
   934 | D:3      | HP: 2/41 [fell downstairs (1)]
   939 | D:3      | Slain by an orc wizard

Illustrated notes

Levels and vault maps discovered:
D:1:      dpeg_arrival_stone_temple_mockup, layout_basic,
          shapermc_ecumenical_altar_hornbeckon
D:2:      minmay_skewed_foursquare, layout_basic
D:3:      layout_rooms, solitary_fountain, uniq_natasha, uniq_jessica,
          uniq_grinder

Skill      XL: |  1  2 |
---------------+-------+-----
Axes           | 3 4 |  4.6
Fighting       | 4 |  4.6
Armour         | |  3.6
Shields        | |  3.6

Action                     |  1- 3 |  4- 6 || total
---------------------------+-------+-------++-------
  Melee: War axe           |    42 |     6 ||    48
         Headbutt          |     9 |       ||     9
 Armour: Scale mail        |    38 |    32 ||    70
  Dodge: Dodged            |    17 |     2 ||    19
  Block: Buckler           |    16 |       ||    16
